 Dungeon Crawl Stone Soup version 0.30-a0-557-ge2afbf3030 (webtiles) character file.

Game seed: 14629400567294694987

7 oldriver the Charlatan (level 2, 0/25 HPs)
             Began as a Naga Artificer on Dec 28, 2022.
             Slain by a kobold
             ... wielding a +0 whip
              (4 damage)
             ... on level 1 of the Dungeon.
             The game lasted 00:00:57 (113 turns).

oldriver the Charlatan (Naga Artificer)              Turns: 113, Time: 00:00:57

Health: 0/25       AC:  2    Str: 14    XL:     2   Next: 0%
Magic:  2/2        EV:  9    Int: 11    God:
Gold:   0          SH:  0    Dex: 11    Spells: 1/1 levels left

rFire   . . .      SeeInvis +    a - +0 club
rCold   . . .      Faith    .    (no shield)
rNeg    . . .      Spirit   .    b - +0 leather armour
rPois   +          Reflect  .    (no helmet)
rElec   .          Harm     .    (no cloak)
rCorr   .          Rampage  .    (no gloves)
Will    .....                    (no barding)
Stlth   ++                       (no amulet)
HPRegen 0.24/turn                (no ring)
MPRegen 0.08/turn                (no ring)

@: very slow
A: AC +0, large, see invisible, deformed body, poison resistance, slowness 2,
spit poison 1, naga tail 1
a: Spit Poison


You were on level 1 of the Dungeon.
You visited 1 branch of the dungeon, and saw 1 of its levels.

Inventory:

Hand Weapons
 a - a +0 club (weapon)
Armour
 b - a +0 leather armour (worn)
Wands
 c - a wand of flame (12)
 d - a wand of charming (15)
 e - a wand of iceblast (5)
Scrolls
 f - a scroll of poison {unknown}
 h - a scroll of identify {unknown}
Potions
 g - a potion of flight {unknown}


   Skills:
 + Level 1.5 Fighting
 - Level 1.5 Armour
 - Level 0.7 Dodging
 + Level 2.4 Stealth
 - Level 3.0 Evocations


You had one spell level left.
You didn't know any spells.
Your spell library contained the following spells:

 Spells                   Type           Power      Damage    Failure   Level
 Petrify                  Tmut/Erth      0%         N/A       99%         4
 Metabolic Englaciation   Hex/Ice        0%         N/A       100%        5
 Statue Form              Tmut/Erth      0%         N/A       100%        6


Dungeon Overview and Level Annotations

Branches:
Dungeon (1/15)

Altars:


Innate Abilities, Weirdness & Mutations

Your serpentine skin is tough. (AC +0)
You have supernaturally acute eyesight. (SInv)
Armour fits poorly on your strangely shaped body.
Your system is resistant to poisons. (rPois)
You cover ground very slowly.
You can spit poison.
You have a snake-like lower body.


Message History

You fail to use your ability.
An endoplasm comes into view.
The endoplasm quivers.
The hobgoblin hits you but does no damage.
The hobgoblin hits you.
You hit the hobgoblin but do no damage. The hobgoblin closely misses you.
The hobgoblin barely misses you.
You hit the hobgoblin but do no damage. The hobgoblin barely misses you.
You hit the hobgoblin.
The hobgoblin is heavily wounded.
The kobold completely misses you. The hobgoblin hits you.
The splash of poison hits the hobgoblin!
The hobgoblin is poisoned.
You kill the hobgoblin!
The kobold hits you with a +0 whip.
You hit the endoplasm but do no damage. The endoplasm hits you.
The kobold closely misses you. The kobold hits you with a +0 whip.
The endoplasm hits you.
Aiming: Throw Flame
Press: ? - help, Shift-Dir - straight line, f - endoplasm
Aim: an endoplasm (98% to hit)
The puff of flame hits the endoplasm.
The endoplasm is lightly wounded.
The endoplasm hits you. The kobold hits you with a +0 whip.
* * * LOW HITPOINT WARNING * * *
Aiming: Throw Flame
Press: ? - help, Shift-Dir - straight line, f/p - endoplasm
Aim: an endoplasm (lightly wounded, 98% to hit)
The puff of flame hits the endoplasm!
You kill the endoplasm!
The kobold barely misses you.
You have reached level 2!
Aiming: Throw Flame
Press: ? - help, Shift-Dir - straight line, f - kobold
Aim: a kobold, wielding a +0 whip (64% to hit)
The puff of flame hits the kobold.
The kobold is severely wounded.
You have got your breath back.
The kobold hits you with a +0 whip.
You die...

.....? #.#..... #.... ..
#..J. .# #...# .# (
######..K# .# . .
.....#...# .# ... .
.......#.##.#..... .
.........†@...#.....# .
.........K#####.....# #.
.....##...#####.....# #.
.... #....##.......# #.
... ##.............# #. ..
#....†####....[# #. .
......#..# #.....# #.
.......#..####.....######.
..#######.................


You could see a kobold.

Vanquished Creatures
  A dart slug (D:1)
  2 endoplasms (D:1)
  A hobgoblin (D:1)
4 creatures vanquished.

Notes
Turn   | Place    | Note
-------+----------+-------------------------------------------
     0 | D:1      | oldriver the Naga Artificer began the quest for the Orb.
     0 | D:1      | Reached XP level 1. HP: 18/18 MP: 1/1
   113 | D:1      | Reached XP level 2. HP: 4/25 MP: 2/2
   113 | D:1      | Slain by a kobold

Illustrated notes

Levels and vault maps discovered:
D:1:      minmay_arrival_semitransparent, layout_rooms, basic_ecumenical_altar

Skill      XL: |  1 |
---------------+----+-----
Stealth        | 2 |  2.4
Fighting       | |  1.5
Armour         | |  1.5
Dodging        | |  0.7
Evocations     | |  3.0

Action                   || total
-------------------------++-------
Melee: Club              ||     9
 Abil: Spit Poison       ||     3
Evoke: Wand              ||     3
 Stab: Sleeping          ||     1
Armor: Leather armour    ||     4
Dodge: Dodged            ||     8

Table legend: (Time is in decaauts)
 A = Elapsed time spent in this place.
 B = Non-inter-level travel time spent in this place.
 C = Inter-level travel time spent in this place.
 D = Time resting spent in this place.
 E = Time spent auto-exploring this place.
 F = Levels seen in this place.
 G = Mean time per level.
                   A        B        C        D        E       F      G
               +--------+--------+--------+--------+--------+-----+--------+
         Total |    136 |    136 |      0 |     42 |     50 |   1 |  136.0 |
       Dungeon |    136 |    136 |      0 |     42 |     50 |   1 |  136.0 |
               +--------+--------+--------+--------+--------+-----+--------+

Top non-repeatable levels by time:
     D:1: 136 daAuts
